[Event "FTX Crypto Cup MCCT 2022"]
[Site "Miami"]
[Date "2022.08.11"]
[Round "6.1"]
[White "Firouzja, Alireza"]
[Black "Carlsen, Magnus"]
[Result "1-0"]
[ECO "B11"]
[WhiteElo "2793"]
[BlackElo "2864"]
[Annotator "TA"]
[PlyCount "71"]
[EventDate "2022.08.10"]
[EventType "tourn"]
[EventCountry "USA"]
[SourceTitle "playchess.com"]
[Source "ChessBase"]
[SourceQuality "1"]
[TimeControl "900+10"]

1. e4 c6 2. Nf3 d5 3. Nc3 Qa5 4. Be2 dxe4 5. Nxe4 Bf5 6. Ng3 {[%emt 0:00:05] B11: Caro-Kann: Two Knights Variation.} Bg6 7. O-O Nd7 8. d4 {[%emt 0:00:25] White is slightly better.} e6 {[%emt 0:00:13] [#]} 9. Nh4 $146 ({Predecessor:} 9. Bf4 Ngf6 10. c4 Be7 11. a3 O-O 12. b4 Qd8 13. Qb3 Nh5 14. Nxh5 Bxh5 15. Rfe1 {0-1 (60) Kollars,D (2564)-Admiraal,M (2508) Chess.com INT 2019}) 9... Bd6 10. c4 Qd8 {[%emt 0:00:41] [#]} (10... Qc7 $11) 11. Nxg6 ({Better is} 11. d5 $1 $16 {[%cal Rd5c6] Strongly threatening dxc6!} Qxh4 12. dxc6) 11... hxg6 $11 12. d5 Qh4 13. h3 exd5 ({Black should play} 13... cxd5 $11 14. cxd5 e5) 14. cxd5 $14 c5 15. a4 a5 $2 (15... Ngf6 $14) 16. Bb5 $18 Ngf6 17. Re1+ Kd8 18. Ra3 {[%emt 0:00:21][%cal Ba1a3,Ba3c3,Bc3c4,Bc4h4][%mdl 32] aiming for Rae3.} Re8 19. Rxe8+ (19. Be3 $18) 19... Kxe8 $16 20. Rc3 {[%emt 0:00:33] Rc4 is the strong threat.} Kd8 (20... Qd4 $16 {is a better defense.} 21. Rd3 Qh4) 21. Rc4 $18 Qh8 {[%emt 0:00:02] [#]} 22. Bg5 $1 Nb6 $2 (22... Kc7 23. Bxd7 Kxd7) 23. Rh4 {[%emt 0:00:15] White is clearly winning.} Qf8 24. Ne4 Kc8 25. Nxf6 gxf6 26. Bxf6 {[%emt 0:00:00] Hoping for Rh8. A strong pair of Bishops.} Kc7 27. Qd2 Qc8 28. Rh7 Qg8 29. Rh8 Qxh8 30. Bxh8 Rxh8 31. Qxa5 Rh4 32. Qe1 {[%emt 0:00:31] Against Re4} Nd7 (32... Rh8 $142 33. Qe4 Rd8) 33. g3 Rh8 {[%emt 0:00:30] Against Qe8} 34. Qa5+ Nb6 35. Qc3 Rxh3 (35... Rf8 $142 36. Qb3 Ra8) 36. Qg7 {[%emt 0:00:08] Weighted Error Value: White=0.21 (precise) /Black=0.33} 1-0

[Event "FTX Crypto Cup MCCT 2022"]
[Site "Miami"]
[Date "2022.08.11"]
[Round "6.1"]
[White "Giri, Anish"]
[Black "Le, Quang Liem"]
[Result "0-1"]
[ECO "C54"]
[WhiteElo "2760"]
[BlackElo "2722"]
[Annotator "TA"]
[PlyCount "92"]
[EventDate "2022.08.10"]
[EventType "tourn"]
[EventCountry "USA"]
[SourceTitle "playchess.com"]
[Source "ChessBase"]
[SourceQuality "1"]
[TimeControl "900+10"]

1. e4 e5 2. Nf3 Nc6 3. Bc4 Nf6 4. d3 Bc5 5. O-O d6 6. c3 O-O 7. Nbd2 a5 {[%emt 0:00:38] C54: Giuoco Piano: 4 c3 Nf6, main lines with 5 d4 and 5 d3.} 8. h3 Be6 9. Bb5 Ba7 $1 {[%emt 0:01:00][%mdl 4] The position is equal. is recently more successful than 9...h6.} 10. Re1 Ne7 11. d4 Ng6 12. Ba4 {[%emt 0:00:13] [#]} exd4 $5 $146 {[%emt 0:03:24][%mdl 8] New and interesting.} ({Predecessor:} 12... Nh5 13. Nf1 Nhf4 14. Ng3 c6 15. Bc2 Qd7 16. Nf5 f6 17. Be3 Kh8 18. dxe5 fxe5 {1-0 (34) Dominguez Perez,L (2752)-So,W (2772) Berlin 2022}) 13. cxd4 d5 14. e5 Nh5 15. Nf1 Nhf4 16. Bxf4 Nxf4 17. Qd2 Ng6 18. Bc2 c5 19. Rad1 Rc8 20. Ng3 cxd4 21. Bd3 Re8 22. Ng5 Bd7 23. f4 f6 24. e6 Ba4 25. Nxh7 {[%emt 0:00:54] [#]} (25. Nf7 $1 $11 Qc7 26. b3 Nxf4 27. Nf5 (27. bxa4 Rxe6 28. Rxe6 Nxe6 $11)) 25... Bxd1 $2 (25... Kxh7 26. b3 f5 27. bxa4 $18) (25... Rc2 $1 $17 {[%cal Rc2d2][%mdl 512] keeps the pressure on.} 26. Bxc2 (26. Nxf6+ $2 Qxf6 27. Qxa5 Qxf4 $19) 26... d3+ 27. Kh1 dxc2) 26. Bxg6 $2 (26. Qxd1 $18 Nxf4 27. Qg4) 26... Bc2 $11 27. f5 {[%emt 0:00:00] Strongly threatening Kh1.} Qd6 $2 {[%emt 0:00:14][%mdl 8192] [#]} (27... Qe7 $11 28. Nh5 (28. Bxe8 $2 d3+ 29. Kh1 Rxe8 $19) 28... d3+ 29. Kh1 Bd4) 28. Nh5 $4 (28. Nxf6+ $1 $18 {[%mdl 512] is the narrow road to win.} gxf6 29. Qh6 $1) 28... Qb4 $2 (28... d3+ $19 29. Kh1 Qb4 30. N7xf6+ Kh8 31. Qxb4 axb4 32. Nxe8 d2) 29. N5xf6+ (29. N7xf6+ $1 $11 Kh8 30. Qxb4 d3+ 31. Kh2 axb4 32. Nxe8) 29... Kh8 $1 $15 {[%emt 0:01:21] Really sharp!} 30. Ng5 $2 {[%emt 0:00:01][%mdl 8192] White does not recover from this.} gxf6 $19 {[%emt 0:00:06] Black is clearly winning.} (30... Qxd2 $2 31. Nf7#) ({Don't do} 30... d3+ 31. Kf1 Rc7 32. Nf7+ (32. Qxb4 axb4 33. Nf7+ Rxf7 $18) 32... Rxf7 33. Qg5 $18 (33. exf7 $2 {perishes.} Rxe1+ 34. Kxe1 Qc5 $19) (33. Qxb4 axb4 34. exf7 Rf8 $18)) 31. Nf7+ Kg8 32. Qf2 {[%emt 0:00:30] [#]} d3 $1 33. Qxa7 Qxe1+ 34. Kh2 Re7 35. Qd4 {[%emt 0:00:26] [#]} Kg7 $1 {[%emt 0:00:04] ...d2 is the strong threat.} 36. Bh5 {[%emt 0:00:06] [#]} Rxf7 $1 37. Qg4+ Kf8 38. exf7 Qe5+ 39. Kh1 Ke7 40. f8=Q+ Kxf8 41. Qg6 Rc7 {[%emt 0:00:17] ( -> ...Rg7)} 42. Qh6+ Ke7 43. Qg7+ Kd6 44. Qf8+ Kc6 {[%emt 0:00:08] aiming for ...d2.} 45. b4 Qe7 46. Qa8 Qxb4 {[%emt 0:00:11] Weighted Error Value: White=0.99/Black=0.36} 0-1

[Event "FTX Crypto Cup MCCT 2022"]
[Site "Miami"]
[Date "2022.08.11"]
[Round "6.1"]
[White "Niemann, Hans Moke"]
[Black "Aronian, Levon"]
[Result "1-0"]
[ECO "D78"]
[WhiteElo "2688"]
[BlackElo "2775"]
[Annotator "TA"]
[PlyCount "81"]
[EventDate "2022.08.10"]
[EventType "tourn"]
[EventCountry "USA"]
[SourceTitle "playchess.com"]
[Source "ChessBase"]
[SourceQuality "1"]
[TimeControl "900+10"]

1. d4 {[%emt 0:00:00] Sumets,A} d5 2. Nf3 Nf6 3. g3 g6 4. Bg2 Bg7 5. c4 c6 6. b3 O-O 7. Bb2 Bf5 8. O-O Nbd7 9. Nc3 {[%emt 0:00:04] Recently 9.e3 got a lot of attention.} dxc4 {[%emt 0:00:35] D78: Fianchetto Grünfeld: 6 0-0 c6.} 10. bxc4 Nb6 11. c5 Nc4 {[%emt 0:00:02] The position is equal.} 12. Bc1 {[%emt 0:00:58] [#]} b6 $146 ({Predecessor:} 12... Nd5 13. Qb3 Na5 14. Qa3 Nc4 15. Qb3 Na5 16. Qa3 Nc4 {½-½ (16) Carlsen,M (2870)-Anand,V (2775) Chennai 2013 CBM 158 [Sumets,A]}) 13. Qb3 Na5 14. Qa3 Nd7 15. Bf4 bxc5 16. dxc5 Nc4 (16... e5 $11 17. Bg5 f6) 17. Qb4 $14 Be6 18. Ng5 $1 a5 19. Qb3 Nxc5 20. Nxe6 Nxb3 21. Nxd8 Nxa1 {[%emt 0:00:00] [#]} 22. Nxc6 e5 23. Bg5 {[%emt 0:00:15] And now Ne7+ would win.} (23. Bxe5 $5 Bxe5 24. Nxe5 Nxe5 25. Bxa8 $14) 23... Nc2 24. Bd5 {[%emt 0:00:28] This bishop pair is nice.} Nb6 (24... h6 $11) 25. Ne7+ Kh8 26. Bxa8 Rxa8 27. Rb1 Nc4 28. Ned5 h6 29. Be7 Nd4 30. Rb7 $1 Rc8 31. g4 e4 (31... Nc6 $14 {might be stronger.}) 32. e3 $16 ({Much less strong is} 32. Nxe4 Nxe2+ 33. Kg2 Be5 $14) 32... Nf3+ 33. Kg2 Ncd2 {[%emt 0:00:07] [#]} 34. Nf6 $1 g5 (34... Ne5 $16 {might work better.}) 35. Ncxe4 $18 Nh4+ 36. Kh3 Ndf3 {[%emt 0:00:04] [#]} (36... Nxe4 $142 37. Nxe4 Rc2) 37. Kg3 $1 {[%emt 0:00:19] Strongly threatening Nd6.} Ng1 $2 (37... Re8 38. Bc5 (38. Nxe8 $2 {is a self mate.} Be5+ 39. Kh3 Ng1#) 38... Nd2) 38. f4 {[%emt 0:00:07] Active counter play! White is clearly winning.} Bxf6 39. Bxf6+ {[%emt 0:00:11][%mdl 64] Discovered Attack} Kg8 40. fxg5 hxg5 41. Nxg5 {[%emt 0:00:13] Weighted Error Value: White=0.05 (flawless) /Black=0.35} 1-0

[Event "FTX Crypto Cup MCCT 2022"]
[Site "Miami"]
[Date "2022.08.11"]
[Round "6.1"]
[White "Praggnanandhaa R"]
[Black "Duda, Jan-Krzysztof"]
[Result "0-1"]
[ECO "D02"]
[WhiteElo "2648"]
[BlackElo "2750"]
[Annotator "TA"]
[PlyCount "94"]
[EventDate "2022.08.10"]
[EventType "tourn"]
[EventCountry "USA"]
[SourceTitle "playchess.com"]
[Source "ChessBase"]
[SourceQuality "1"]
[TimeControl "900+10"]

1. Nf3 d5 2. g3 Nc6 3. d4 Bf5 4. Bg2 e6 5. O-O Nb4 6. Na3 Be7 7. c3 {[%emt 0:00:16] D02: 1 d4 d5 2 Nf3 sidelines, including 2...Nf6 3 g3 and 2...Nf6 3 Bf4.} Nc6 8. Qa4 Qd7 9. b4 {[%emt 0:00:42] [#] White has an edge.} Ne5 $146 ({Predecessor:} 9... a6 10. b5 Na7 11. Ne5 axb5 12. Qb3 Qc8 13. Nxb5 Nxb5 14. Qxb5+ c6 15. Qb3 Nf6 {0-1 (37) Muse,M (2391)-Sulava,N (2452) Mali Losinj 2017}) 10. Qxd7+ Nxd7 11. Nb5 Kd8 12. Ne5 Bg6 13. Nxg6 hxg6 14. e4 c6 15. Na3 (15. exd5 $5 cxb5 16. dxe6 fxe6 17. a4 $11) 15... dxe4 16. Bxe4 Ngf6 17. Bg2 Nd5 $1 18. Bd2 a5 19. Nc4 axb4 20. cxb4 Bxb4 21. Bxb4 Nxb4 {[%emt 0:00:00] Pair of Knights!} 22. Rab1 Ra4 {[%emt 0:00:02] White must now prevent ...Kc7.} 23. Nd6 Ke7 24. Nxb7 Rb8 ({Black should play} 24... Nxa2 $15 25. Ra1 Rc8) 25. Nc5 (25. Rxb4 $1 $11 Rxb4 26. Na5) 25... Rxa2 $17 26. Rfc1 Nxc5 27. dxc5 {[%emt 0:01:19] [#]} (27. Rxc5 $142 Na6 28. Rcc1) 27... Raa8 $1 {[%emt 0:00:03] Black is more active.} 28. h4 Nd5 29. Rxb8 Rxb8 {[%emt 0:00:00][%mdl 4096] Endgame KRB-KRN} 30. Ra1 Kd7 31. Bf1 Rb2 32. Ra5 Rc2 33. Bd3 Rc3 34. Be2 Ke7 35. Kg2 f5 36. Ba6 (36. f4 $17) 36... Nc7 37. Bb7 Kd7 38. Kg1 (38. Ba6 $17) 38... e5 $19 39. Kg2 e4 40. Ba6 Ne6 41. Bf1 Ke7 42. Ra4 Kf6 43. Rb4 Nxc5 {[%emt 0:00:05] Black is clearly winning.} 44. Rb8 Rc2 45. Kg1 Nd3 46. Rf8+ Ke7 47. Rg8 Kf7 {[%emt 0:00:03] Weighted Error Value: White=0.25 (precise) /Black=0.07 (flawless)} 0-1

[Event "FTX Crypto Cup MCCT 2022"]
[Site "Miami"]
[Date "2022.08.11"]
[Round "6.2"]
[White "Carlsen, Magnus"]
[Black "Firouzja, Alireza"]
[Result "1-0"]
[ECO "D36"]
[WhiteElo "2864"]
[BlackElo "2793"]
[Annotator "TA"]
[PlyCount "65"]
[EventDate "2022.08.10"]
[EventType "tourn"]
[EventCountry "USA"]
[SourceTitle "playchess.com"]
[Source "ChessBase"]
[SourceQuality "1"]
[TimeControl "900+10"]

1. c4 Nf6 2. Nf3 e6 3. Nc3 d5 4. cxd5 exd5 5. d4 c6 6. Qc2 g6 7. Bg5 Be7 8. e3 Bf5 9. Bd3 Bxd3 10. Qxd3 Nbd7 11. Bh6 Ng4 {[%emt 0:03:16] D36: Queen's Gambit Declined: Exchange Variation: Main line (5 Bg5 c6 6 Qc2).} 12. Bf4 Nf8 {[%emt 0:01:09] [#]} 13. h4 $146 ({Predecessor:} 13. h3 Nf6 14. O-O Ne6 15. Be5 O-O {½-½ (15) Saric,S (2408)-Laketic,G (2336) Ruma 2020}) 13... h5 {[%emt 0:01:00] The position is equal.} 14. Ng5 Qd7 15. f3 Nh6 16. O-O-O f6 17. Nh3 Nf7 (17... O-O-O $14) 18. e4 $16 {[%emt 0:01:14] Strongly threatening exd5. White is more active.} dxe4 (18... Nd8 $16) 19. Qxe4 $18 {[%emt 0:00:02] [#] aiming for d5.} (19. Nxe4 $6 O-O-O $14) (19. fxe4 $6 g5 $16) 19... O-O-O (19... Nd6 $16 {was called for.} 20. Qc2 O-O-O) 20. d5 {[%emt 0:00:02] Black must now prevent dxc6.} c5 21. Qc4 {[%emt 0:00:15] Hoping for Nb5.} Bd6 22. Ne4 Kb8 23. Rhe1 (23. Nxc5 $6 Qf5 $16) (23. Nxf6 $18 Qf5 24. Bxd6+ Nxd6 25. Qf4) 23... Bxf4+ $16 24. Nxf4 {[%emt 0:00:02] [#] And now Ne6 would win.} Ne5 {[%emt 0:00:08] Black cannot hold the game after this.} (24... Qf5 $16 25. Ng3 (25. Nxc5 Nd6 $11) 25... Ne5) 25. Qc3 $18 ({Don't go for} 25. Qxc5 $2 Rc8 26. Qxc8+ Qxc8+ $19) 25... Qf5 26. g3 b6 27. Nxf6 Nfd7 (27... Qxf6 {might work better.} 28. Rxe5 (28. Qxe5+ Qxe5 29. Rxe5 Rh7 $18) 28... Rh7) 28. Nxd7+ Nxd7 29. Re7 {[%emt 0:00:03] Prevents Qf7.} Rhe8 30. Rde1 Rxe7 31. Rxe7 {[%emt 0:00:01] Threatens to win with Ne6.} Nf6 (31... Qf6 $142 32. Re6 Qxc3+ 33. bxc3 Nf8) 32. Qe5+ ({Weaker is} 32. Qa3 Rd7 33. Rxd7 Nxd7 $16) 32... Qxe5 33. Rxe5 {[%emt 0:00:00] Weighted Error Value: White=0.23 (precise) /Black=0.50} 1-0

[Event "FTX Crypto Cup MCCT 2022"]
[Site "Miami"]
[Date "2022.08.11"]
[Round "6.2"]
[White "Aronian, Levon"]
[Black "Niemann, Hans Moke"]
[Result "1-0"]
[ECO "D02"]
[WhiteElo "2775"]
[BlackElo "2688"]
[Annotator "TA"]
[PlyCount "55"]
[EventDate "2022.08.10"]
[EventType "tourn"]
[EventCountry "USA"]
[SourceTitle "playchess.com"]
[Source "ChessBase"]
[SourceQuality "1"]
[TimeControl "900+10"]

1. d4 Nf6 2. Nf3 d5 3. Bf4 g6 4. e3 Bg7 5. Nbd2 O-O 6. c3 b6 7. Be2 {[%emt 0:00:11] 7.a4 is setting a new trend. D02: 1 d4 d5 2 Nf3 sidelines, including 2...Nf6 3 g3 and 2...Nf6 3 Bf4.} Bb7 8. O-O c5 {[%emt 0:00:09] [#]} 9. Qb1 $146 {[%emt 0:00:15] White has an edge.} (9. Qb3 $5 ) ({Predecessor:} 9. b4 c4 10. Ne5 Nbd7 11. Bf3 Qc8 12. a4 Nxe5 13. Bxe5 Bh6 14. Qc2 Nd7 15. Bf4 {1-0 (42) Karjakin,S (2752)-Yu,Y (2709) chess24.com INT 2020}) 9... Nc6 10. b4 cxb4 11. cxb4 Nh5 12. Bg5 h6 13. Bh4 g5 14. b5 Na5 {[%emt 0:00:26] [#]} 15. Ne5 $1 gxh4 (15... Bxe5 16. dxe5) 16. Bxh5 Bxe5 17. dxe5 {[%emt 0:00:04][%cal Oe5e6] Threatens to win with e6!} e6 18. f4 {[%emt 0:00:51][%cal Bf2f4,Bf4f5,Bf5e6][%mdl 32] Prevents Qg5. White is more active.} Rc8 19. Nf3 Nc4 20. f5 {[%emt 0:00:16] [#] Strongly threatening fxe6.} Nxe3 $2 {[%emt 0:01:08] A mistake that costs the game.} (20... Qe7 $16) 21. fxe6 $18 f5 22. Qb4 {[%emt 0:01:04] Hoping for e7.} Rc7 {[%emt 0:01:26] Inhibits e7.} (22... Nxf1 $2 23. e7 Qd7 24. exf8=N Rxf8 25. Rxf1 $18) 23. Rac1 {[%emt 0:01:32] Black must now prevent Rxc7. The board is on fire.} Nc4 (23... Nxf1 $2 24. Rxc7 Qxc7 25. e7 Qc5+ 26. Qxc5 bxc5 27. Kxf1) 24. Nd4 {[%emt 0:00:38] White is clearly winning.} h3 25. g3 {[%emt 0:00:03] Against Qh4} Kh7 26. Nxf5 {[%emt 0:00:19] Intending e7 and mate.} d4 27. e7 Qd5 28. Bf3 {[%emt 0:00:10] Weighted Error Value: White=0.08 (flawless) /Black=0.39} 1-0

[Event "FTX Crypto Cup MCCT 2022"]
[Site "Miami"]
[Date "2022.08.11"]
[Round "6.2"]
[White "Duda, Jan-Krzysztof"]
[Black "Praggnanandhaa R"]
[Result "1/2-1/2"]
[ECO "D41"]
[WhiteElo "2750"]
[BlackElo "2648"]
[Annotator "TA"]
[PlyCount "226"]
[EventDate "2022.08.10"]
[EventType "tourn"]
[EventCountry "USA"]
[SourceTitle "playchess.com"]
[Source "ChessBase"]
[SourceQuality "1"]
[TimeControl "900+10"]

1. d4 Nf6 2. c4 e6 3. Nf3 d5 4. Nc3 c5 5. cxd5 Nxd5 6. e4 Nxc3 7. bxc3 cxd4 8. cxd4 Bb4+ 9. Bd2 Bxd2+ 10. Qxd2 O-O 11. Bc4 Nd7 12. O-O b6 13. Rfe1 Bb7 14. Rad1 Rc8 15. Bb3 Re8 16. h3 h6 17. d5 exd5 18. exd5 Nc5 19. d6 Bxf3 20. Rxe8+ Qxe8 21. gxf3 Qc6 22. Bd5 Qd7 23. Qf4 Rd8 24. Kg2 Kh8 25. Qxf7 Qxd6 26. Bb3 Qb8 27. Re1 Rf8 28. Qg6 Qb7 29. Bd1 Qf7 30. Qxf7 Rxf7 31. Re8+ Kh7 32. Bc2+ g6 33. f4 Kg7 34. Kg3 Rd7 35. Rc8 Rf7 36. h4 Rf8 37. Rxf8 Kxf8 38. f5 gxf5 39. Kf4 Ne6+ 40. Ke5 Ke7 41. Bxf5 Nc7 42. Bd3 b5 43. f4 a5 44. f5 b4 45. f6+ Kf8 46. Bc4 $2 (46. Kd6 $1 $18 Ne8+ 47. Ke5) 46... a4 $11 47. Kf5 Ne8 48. Kg6 Nd6 49. Bd5 Nb5 $2 (49... b3 50. axb3 a3 51. b4 $18) (49... Ne8 $11) 50. Kxh6 $18 Nc3 51. Be6 Nxa2 52. h5 (52. Bxa2 b3 53. Bb1 a3 54. Kg6 a2 55. Be4 b2 56. Kf5 b1=Q 57. Bxb1 axb1=Q+ 58. Ke5 Qe1+ 59. Kf4 Qxh4+ 60. Ke3 Kf7 61. Kd3 Kxf6 62. Kc3 Qa4 63. Kd2 Kf5 64. Ke3 Qd1 65. Kf2 Kf4 66. Kg2 Qc2+ 67. Kh3 Qe2 68. Kh4 Qh2#) 52... b3 53. Kg6 $2 (53. Kg5 Nc3 54. h6 Ke8 55. h7 Ne4+ 56. Kg6 Nxf6 57. Kxf6 Kd8 58. h8=Q+ Kc7 59. Ke7) 53... Nb4 $11 (53... Nc3 {leads to mate.} 54. h6 b2 55. Bf5 b1=Q 56. Bxb1 Ke8 57. h7 Ne2 58. h8=Q+ Kd7 59. f7) 54. h6 b2 55. Bf5 Nc6 (55... a3 $2 {gets mated.} 56. h7 Ke8 57. h8=Q#) 56. h7 Ne5+ 57. Kh5 Nf7 58. Bb1 Nh8 59. Kg5 Nf7+ 60. Kf5 Nh8 61. Ba2 Ke8 ({Don't do} 61... Nf7 62. Kf4 Nh8 63. Kg5 $14) 62. Kg5 $1 Kf8 63. Kh6 a3 64. Kg5 Ke8 $1 65. Kf4 Kf8 66. Kf5 Ke8 $1 (66... Nf7 $2 67. Kg6 Nh8+ 68. Kh6 Nf7+ 69. Bxf7 Kxf7 70. h8=Q $18) 67. Kg5 Kf8 $2 (67... Nf7+ $11 68. Kf4 Nh8) 68. Kh6 $1 $18 Nf7+ 69. Bxf7 Kxf7 70. h8=Q b1=Q 71. Qg7+ Ke6 72. Qe7+ Kd5 73. Qxa3 Qh1+ 74. Kg7 Qg2+ 75. Kf7 $1 Ke5 76. Qc5+ Kf4 77. Kf8 Qa8+ 78. Ke7 Qb7+ 79. Ke6 Qe4+ 80. Kd7 Qh7+ 81. Kd6 Qd3+ 82. Qd5 Qa3+ {[%emt 0:00:12] [#]} 83. Kd7 $1 Qa7+ 84. Ke6 Qe3+ {[%emt 0:00:14] [#]} 85. Kf7 $1 Qa7+ 86. Kg8 Qb8+ 87. Kg7 Qb2 88. Kf7 Qa1 89. Qc4+ Kg5 90. Qc5+ Kh6 91. Qe3+ Kh5 92. Ke7 $2 (92. Qg3 {mates} Qb1 93. Kf8 Kh6 94. Qf4+ Kh7 95. f7 Qb7 96. Qf5+ Kh6 97. Qf6+ Kh5 98. Kg8) 92... Kg6 $1 $11 93. Qe4+ Kh6 94. Qe3+ Kg6 $1 95. Qe4+ Kh6 96. Qh4+ Kg6 97. Qg4+ Kh6 98. Qh3+ Kg6 $1 99. Qg2+ Kh6 100. Qh2+ Kg6 101. Qg3+ Kh6 102. f7 Qa7+ 103. Ke6 Qa2+ 104. Kf6 Qa6+ 105. Ke5 Qa5+ 106. Ke4 Qa8+ 107. Kf5 Qc8+ 108. Kf6 Qa6+ 109. Ke7 Qa7+ 110. Ke8 Qa8+ 111. Kd7 Qa7+ 112. Ke6 Qa2+ 113. Kf6 Qa6+ 1/2-1/2

[Event "FTX Crypto Cup MCCT 2022"]
[Site "Miami"]
[Date "2022.08.11"]
[Round "6.2"]
[White "Le, Quang Liem"]
[Black "Giri, Anish"]
[Result "1-0"]
[ECO "D16"]
[WhiteElo "2722"]
[BlackElo "2760"]
[Annotator "TA"]
[PlyCount "107"]
[EventDate "2022.08.10"]
[EventType "tourn"]
[EventCountry "USA"]
[SourceTitle "playchess.com"]
[Source "ChessBase"]
[SourceQuality "1"]
[TimeControl "900+10"]

1. Nf3 d5 2. d4 Nf6 3. c4 c6 4. Nc3 dxc4 5. a4 e6 6. e3 c5 7. Bxc4 Nc6 8. O-O cxd4 {[%emt 0:00:01] 8...cxd4 has lost popularity.} 9. exd4 Be7 {[%emt 0:00:02] D16: Slav Defence: 5 a4: Lines with 5...Bg4 and 5...Na6.} 10. Qe2 O-O ({Don't play} 10... Nxd4 11. Nxd4 Qxd4 12. Nb5 $16) 11. Be3 b6 {[%emt 0:01:17] The position is equal.} 12. Rad1 Nb4 {[%emt 0:00:01] Inhibits d5.} 13. Ne5 Bb7 14. f4 g6 15. f5 exf5 16. Bh6 Nfd5 $1 17. Bxf8 Bxf8 {[%emt 0:00:11] [#]} 18. Rfe1 $146 ({Predecessor:} 18. Nd3 Rc8 19. Nxb4 Nxb4 20. d5 Qh4 21. Bb3 Bc5+ 22. Kh1 Bd6 23. g3 Bxg3 24. Nb5 {1-0 (42) Davtyan,A (2488)-Mammadzada,G (2454) Sharjah 2022}) 18... Rc8 {[%emt 0:01:26][%mdl 1024] Black has compensation.} 19. Bb3 Rc7 20. Qf2 a6 {[%emt 0:00:21] Inhibits Nb5.} 21. Rc1 Bh6 {[%emt 0:04:26] [#]} (21... Re7 $11) 22. Nxd5 $1 $16 {[%emt 0:00:09] White now steadily converts the win.} Bxd5 {[%emt 0:00:40] A strong pair of Bishops.} 23. Rxc7 Qxc7 24. Bxd5 Nxd5 25. Kh1 Kg7 26. Qe2 Qc8 {[%emt 0:01:27] [#]} (26... Qb7 $16) 27. Qc4 $1 $18 Qxc4 28. Nxc4 {[%emt 0:00:00][%mdl 4096] Endgame KRN-KBN} b5 (28... Bf4 {was worth a try.} 29. g3 Bc7) 29. axb5 axb5 30. Nd6 Be3 31. Ne8+ Kf8 {[%emt 0:00:05] [#]} 32. Nf6 Nxf6 33. Rxe3 {[%emt 0:00:01] KR-KN} Ne4 34. Ra3 Ke7 35. Ra6 Nf2+ 36. Kg1 Nd3 {[%emt 0:00:00] [#]} 37. b3 $1 Nc1 38. Kf2 {[%emt 0:00:01] Against Ne2. Strongly threatening Ke3.} f4 39. Kf3 Nxb3 40. Ke4 ({Resist} 40. Kxf4 $6 Nxd4 41. Ke5 Nf5 42. Ra7+ Kf8 $16) 40... Nd2+ $2 (40... f3 {was called for.} 41. gxf3 Nd2+ 42. Ke3 Nc4+ 43. Kd3 h6) 41. Kxf4 {[%emt 0:00:03] White is clearly winning.} b4 42. Rb6 b3 43. h3 Kd7 44. Rb4 {[%emt 0:00:01] aiming for Ke3.} Kc6 45. Ke3 Nf1+ 46. Kd3 Ng3 47. Rxb3 Nf5 48. Ke4 f6 49. d5+ Kc5 50. Rc3+ Kd6 51. Rc6+ Ke7 52. g4 (52. Re6+ $142 Kf7 53. g4) 52... Nd6+ 53. Kd4 Kd7 {[%emt 0:00:12] Against Rc7+} 54. Ra6 {[%emt 0:00:04] Weighted Error Value: White=0.05 (flawless) /Black=0.31} 1-0

[Event "FTX Crypto Cup MCCT 2022"]
[Site "Miami"]
[Date "2022.08.11"]
[Round "6.3"]
[White "Firouzja, Alireza"]
[Black "Carlsen, Magnus"]
[Result "1/2-1/2"]
[ECO "B22"]
[WhiteElo "2793"]
[BlackElo "2864"]
[Annotator "TA"]
[PlyCount "93"]
[EventDate "2022.08.10"]
[EventType "tourn"]
[EventCountry "USA"]
[SourceTitle "playchess.com"]
[Source "ChessBase"]
[SourceQuality "1"]
[TimeControl "900+10"]

1. e4 c5 2. Nf3 Nc6 3. Bb5 e5 4. c3 a6 5. Bc4 Nf6 {[%emt 0:00:09] [#]} 6. d3 $146 {[%emt 0:02:19] B22: Sicilian: 2 c3.} ({Predecessor:} 6. Ng5 d5 7. exd5 Nxd5 8. Qf3 Qxg5 9. Bxd5 Qf6 10. Qxf6 gxf6 11. d3 Be6 12. Bxc6+ bxc6 {0-1 (77) Kamer,K (2371)-Ozer,O (2323) Istanbul 2022}) 6... Be7 7. a4 O-O 8. O-O Rb8 9. Re1 b5 10. Bd5 Qc7 $1 11. Nbd2 d6 12. axb5 axb5 13. Nf1 Nxd5 14. exd5 Na7 ({Black should try} 14... Nd8 $15) 15. d4 $11 exd4 16. cxd4 c4 17. Bf4 Bf5 18. Ng3 Bd3 19. Nd2 b4 $2 {[%emt 0:03:14] [#]} (19... Rbe8 $15 {keeps the upper hand.}) 20. Nde4 $2 (20. Nxc4 $1 $16 {[%mdl 512] is forced if you want to stay better.} Bxc4 21. Nf5) 20... Qd7 $1 $17 21. Qh5 (21. Nxd6 $15 Bxd6 22. Rxa7 Qxa7 23. Bxd6) 21... f5 (21... g6 $1 $17 22. Qf3 Nb5) 22. Nxd6 $1 $11 Bxd6 23. Bxd6 Qxd6 24. Rxa7 Qh6 (24... Qxd5 25. Ree7 Qxd4 26. Qg5 Kh8 27. Rxg7 f4 {[#]} 28. Qh6 $1 (28. Qh4 Qxg7 29. Rxg7 Kxg7 $18) (28. Qh4 Qxg7 29. Rxg7 Kxg7 $18)) 25. Qd1 Rfe8 26. Rae7 Rxe7 27. Rxe7 Qd6 28. Re5 b3 29. Qe1 ({Avoid the trap} 29. Nxf5 $2 Bxf5 30. Rxf5 c3 $19) 29... h6 30. h4 ({Don't play} 30. Nxf5 Bxf5 31. Rxf5 Qg6 $11) (30. Nh5 $1 $14) 30... Qb4 {[%emt 0:00:11] The position is equal.} 31. Qe3 {[%emt 0:00:09] Strongly threatening Nh5.} f4 $1 32. Qxf4 {[%emt 0:00:02] Black must now prevent Nh5.} c3 $1 33. Re7 $1 {[%emt 0:00:14] White threatens Qf7+ and mate.} Qxe7 34. Qxb8+ {[%emt 0:00:02][%mdl 4096] Endgame KQB-KQN} Qf8 35. Qxb3 c2 36. Ne2 Bxe2 37. d6+ Kh8 38. Qxc2 Bb5 39. Qc5 {[%emt 0:00:18] aiming for d7.} Bd7 40. b4 Qe8 41. Qe5 {[%emt 0:00:06] Against Qe1+} Qg6 42. Kh2 Qb1 43. Qe7 Qf5 44. Kg1 Qb1+ 45. Kh2 Qf5 46. Kg1 Qb1+ 47. Kh2 {[%emt 0:00:02] Weighted Error Value: White=0.16 (very precise) /Black=0.16 (very precise)} 1/2-1/2